 Dungeon Crawl Stone Soup version 0.29.1-15-g9cfb28693d (webtiles) character file.

Game seed: 18364652016267239100

72 Heoruswealwe the Magician (level 4, -5/24 HPs)
             Began as a Deep Elf Earth Elementalist on Apr 20, 2023.
             Was a Follower of Nemelex Xobeh.
             Slain by a gnoll
             ... wielding a +0 flail
              (10 damage)
             ... on level 2 of the Dungeon.
             The game lasted 00:11:38 (1462 turns).

Heoruswealwe the Magician (DEEE)                    Turns: 1462, Time: 00:11:40

Health: -5/24      AC:  2    Str:  5    XL:     4   Next: 7%
Magic:  9/12       EV: 12    Int: 22    God:    Nemelex Xobeh [*.....]
Gold:   127        SH:  0    Dex: 15    Spells: 2/12 levels left

rFire   . . .      SeeInvis .   (no weapon)
rCold   + . .      Faith    .   (no shield)
rNeg    . . .      Spirit   .   c - +0 robe
rPois   .          Reflect  .   g - +0 hat
rElec   .          Harm     .   (no cloak)
rCorr   .          Rampage  .   (no gloves)
Will    .....                   (no boots)
Stlth   ++........              (no amulet)
HPRegen 0.08/turn               k - ring of protection from cold
MPRegen 0.13/turn               (no ring)

@: no status effects
A: no striking features
a: Renounce Religion, Draw Escape, Draw Destruction, Draw Summoning


You were on level 2 of the Dungeon.
You worshipped Nemelex Xobeh.
Nemelex Xobeh was aware of your devotion.
You visited 1 branch of the dungeon, and saw 2 of its levels.

You collected 127 gold pieces.

Inventory:

Armour
 c - a +0 robe (worn)
 g - a +0 hat (worn)
Jewellery
 k - a ring of protection from cold (left hand)
Scrolls
 a - 2 scrolls of teleportation
 d - a scroll of summoning
 l - a scroll of noise {unknown}
 q - a scroll of amnesia {unknown}
Potions
 b - 2 potions of magic
 f - a potion of invisibility {unknown}
 i - 2 potions of might {unknown}
 m - a potion of haste {unknown}
 n - a potion of degeneration {unknown}
 o - a potion of berserk rage {unknown}
 p - a potion of curing {unknown}


   Skills:
 - Level 2.4 Dodging
 - Level 2.4 Stealth
 + Level 4.7 Spellcasting
 - Level 1.1 Transmutations
 + Level 4.5 Earth Magic


You had 2 spell levels left.
You knew the following spells:

 Your Spells              Type           Power      Damage    Failure   Level
a - Sandblast             Erth           50%        2d12      1%          1
b - Stone Arrow           Conj/Erth      30%        3d8       12%         3
c - Petrify               Tmut/Erth      17%        N/A       32%         4
z - Passwall              Tmut/Erth      14%        N/A       4%          2

Your spell library contained the following spells:

 Spells                   Type           Power      Damage    Failure   Level
 Beastly Appendage        Tmut           20%        N/A       7%          1
 Wereblood                Tmut           10%        N/A       10%         2
 Spider Form              Tmut/Pois      7%         N/A       26%         3


Dungeon Overview and Level Annotations

Branches:
Dungeon (2/15)

Altars:
Nemelex Xobeh


Message History

You begin to meditate on the wall.
You continue meditating on the rock. x3
You finish merging with the rock.
You now have 127 gold pieces (gained 15).
As you read the scroll labelled MALAJ TYMAE, it crumbles to dust.
It is a scroll of identify.
d - a scroll of summoning
As you read the scroll of identify, it crumbles to dust.
e - a scroll of torment You drop a scroll of torment.
As you read the scroll of identify, it crumbles to dust.
j - a scroll of immolation You drop a scroll of immolation.
You open the door.
There is an open door here.
You open the door. You open the large door. You open the large door.
There is a large open door here.
A gnoll comes into view. It is wielding a +0 flail.
The gnoll shouts!
A gnoll comes into view. It is wielding a +0 halberd.
The blast of sand misses the gnoll.
The blast of sand misses the gnoll.
A gnoll comes into view. It is wielding a +0 halberd.
The blast of sand misses the gnoll.
The gnoll shouts!
The gnoll hits you with a +0 flail! The gnoll attacks as you move away!
The gnoll hits you with a +0 flail!
* * * LOW HITPOINT WARNING * * *
You are too injured to fight recklessly!
Casting: Sandblast (safe; 1% risk of failure)
Confirm with . or Enter, or press ? or * to list all spells.
Aiming: Sandblast (safe; 1% risk of failure)
Press: ? - help, Shift-Dir - straight line, f/p - gnoll
Aim: a gnoll, wielding a +0 flail (85% to hit)
The blast of sand hits the gnoll!
The gnoll is almost dead.
The gnoll hits you with a +0 flail!
You die...
Your body glows slightly and disappears.

#.....................
#####.............####
#.#.........#.#
#.##..#.#..##)#
#.###.....###.#
#.#.##...##.#.#
#.'8.##.##.8'.#
#.#...#'#...#.#
#@##...'...##.#
##g##.....##..#
#.g##.8.##....
##..##.##..###
######g.#'#...#
..g.g.....'..#.
######.#......#
#.#.#.....#
#.#.##...##


You could see 3 gnolls.

Vanquished Creatures
  2 adders (D:2)
  3 dart slugs (D:1)
  5 ball pythons
  3 bats
  6 endoplasms
  2 giant cockroaches (D:1)
  5 goblins
  3 hobgoblins (D:1)
  4 jackals (D:1)
  5 kobolds
  3 frilled lizards
  2 rats (D:1)
43 creatures vanquished.

Vanquished Creatures (others)
  3 plants (D:1)
3 creatures vanquished.

Grand Total: 46 creatures vanquished

Notes
Turn   | Place    | Note
-------+----------+-------------------------------------------
     0 | D:1      | Heoruswealwe the Deep Elf Earth Elementalist began the
                  | quest for the Orb.
     0 | D:1      | Reached XP level 1. HP: 10/10 MP: 6/6
   122 | D:1      | Reached XP level 2. HP: 14/15 MP: 2/8
   125 | D:1      | Learned a level 2 spell: Passwall
   631 | D:1      | Found a faded altar of an unknown god.
   639 | D:1      | Reached XP level 3. HP: 19/19 MP: 5/10
   643 | D:1      | Learned a level 3 spell: Stone Arrow
   645 | D:1      | Prayed at the altar of an unknown god.
   645 | D:1      | Became a worshipper of Nemelex Xobeh the Trickster
   645 | D:1      | Reached * piety under Nemelex Xobeh
   645 | D:1      | Received a gift from Nemelex Xobeh
  1235 | D:2      | Reached XP level 4. HP: 24/24 MP: 10/12
  1376 | D:2      | Learned a level 4 spell: Petrify
  1462 | D:2      | Slain by a gnoll

Illustrated notes

Levels and vault maps discovered:
D:1:      sevenhm_arrival_forest_fort_large_4, layout_basic,
          ebering_ecumenical_altar_ruins, minmay_tetromino_s4
D:2:      layout_loops_corners, grunt_ministairs_12, grunt_decor_arrowhead,
          nrook_campfire, dk_noncrumbling_4, nicolae_figureground_pulse

Skill      XL: |  1  2 |
---------------+-------+-----
Spellcasting   | 4 |  4.7
Earth Magic    | 4 |  4.5
Dodging        | |  2.4
Stealth        | |  2.4
Transmutations | |  1.1

Action                   |  1- 3 |  4- 6 || total
-------------------------+-------+-------++-------
Melee: Unarmed           |    15 |       ||    15
 Cast: Sandblast         |    47 |     9 ||    56
       Passwall          |       |     2 ||     2
  Use: Scroll            |     1 |     3 ||     4
Armor: Robe              |     2 |       ||     2
Dodge: Dodged            |     4 |     2 ||     6
